AoeStats
← GoldPhantom

Nomad

507645934Analyzed
2v2 RM · 15d ago on Sep 19, 2026· 108m 17s· 4 players
Game mode
Random Map
Map size
176×176
Population
200
Speed
Normal
Resources
Standard
Victory
Conquest
Starting age
Dark Age
Ending age
Imperial Age
RankedLock teamsTeams togetherTeam positionsShared explorationLock speedFull tech treeHidden civsTurbo modeCheats
Victory
Defeat
🇪🇨 Persians · Ecuador
931
+14
🇱🇰 Byzantines · Sri Lanka
920
+14
🇭🇰 Teutons · Hong Kong SAR China
884
-14
🇲🇽 Portuguese · Mexico
877
-14
GenaroCazador
16:22 Feudal Age
17:52 Double-Bit Axe
18:19 Fishing Lines
23:55 Castle Age
22:02 Horse Collar
23:11 Loom
26:38 Gillnets
27:26 Bow Saw
28:14 Stone Mining
33:27 Pikeman
35:56 Gold Mining
38:03 Fletching
38:13 Padded Archer Armor
50:18 Imperial Age
49:33 Husbandry
52:25 Forging
52:15 Scale Mail Armor
55:18 Two-Man Saw
56:25 Cavalier
56:45 Elite Skirmisher
63:16 Chemistry
61:51 Crossbowman
62:41 Onager
62:45 Cavalier
64:08 Bombard Tower
71:34 Heavy Plow
GoldPhantom
14:27 Loom
16:28 Feudal Age
17:02 Double-Bit Axe
25:30 Castle Age
23:28 Fishing Lines
24:57 Stone Mining
25:14 Horse Collar
26:19 Squires
28:08 Wheelbarrow
27:19 Town Watch
26:57 Pikeman
27:54 Gillnets
28:49 Bow Saw
30:32 Heavy Plow
32:30 Forging
32:40 Scale Mail Armor
35:31 Fletching
37:54 Hand Cart
41:23 Scale Barding Armor
41:31 Bloodlines
44:57 Imperial Age
42:47 Gold Mining
43:51 Chain Mail Armor
44:49 Sanctity
46:28 Iron Casting
45:54 Padded Archer Armor
46:20 Conscription
47:02 Plate Mail Armor
46:32 Halberdier
47:47 Ballistics
48:15 Town Patrol
49:09 Crop Rotation
49:48 Two-Man Saw
48:54 Cavalier
53:14 Blast Furnace
54:35 Chain Barding Armor
58:53 Siege Engineers
59:09 Guilds
59:39 Plate Barding Armor
59:54 Fervor
59:43 Bodkin Arrow
62:47 Crenellations
62:44 Gambesons
67:13 Masonry
66:39 Paladin
68:45 Elite Teutonic Knight
79:04 Onager
Manzur1995
7:44 Loom
16:13 Feudal Age
17:32 Wheelbarrow
16:46 Double-Bit Axe
17:47 Bloodlines
20:32 Forging
21:48 Scale Barding Armor
27:08 Castle Age
27:34 Husbandry
26:58 Light Cavalry
30:23 Iron Casting
33:52 Hand Cart
38:30 Murder Holes
38:46 Fletching
43:50 Kamandaran
44:41 Chain Barding Armor
47:23 Horse Collar
48:32 Masonry
52:36 Imperial Age
49:44 Crossbowman
51:59 Parthian Tactics
52:10 Thumb Ring
55:03 Coinage
54:05 Hussar
57:21 Pikeman
58:02 Squires
57:26 Cavalier
66:07 Heavy Plow
66:05 Halberdier
70:16 Heavy Camel Rider
72:52 Bow Saw
76:26 Ballistics
76:10 Gold Mining
80:32 Plate Barding Armor
81:47 Conscription
85:45 Bodkin Arrow
91:00 Citadels
Shadowsong
7:14 Loom
14:22 Feudal Age
14:52 Double-Bit Axe
17:25 Fishing Lines
18:38 Gold Mining
23:25 Castle Age
21:19 Stone Mining
23:37 Crossbowman
28:13 Medium Warships
31:01 Wheelbarrow
30:32 Squires
35:05 Imperial Age
33:53 Fletching
36:11 Thumb Ring
39:24 Ballistics
41:37 Conscription
41:55 Bow Saw
42:26 Onager
48:44 Chemistry
48:18 Bodkin Arrow
52:44 Pikeman
53:30 Scale Mail Armor
57:52 Halberdier
58:56 Bombard Tower
58:38 Bracer
62:38 Hand Cart
62:07 Horse Collar
62:31 Arbalester
65:39 Forging
65:14 Treadmill Crane
65:33 Murder Holes
71:54 Husbandry
77:27 Logistica
77:33 Scale Barding Armor
78:48 Chain Mail Armor
78:56 Chain Barding Armor
83:23 Plate Barding Armor
83:20 Plate Mail Armor
83:28 Iron Casting
83:26 Elite Cataphract
91:09 Greek Fire
93:41 Plate Mail Armor
Connection lost

Rejoining the realm…

Still unreachable

The connection could not be restored.

Session expired

The server has moved on; the page needs a fresh start.